 Dungeon Crawl Stone Soup version 0.30-a0-154-gb106f4c828 (webtiles) character file.

Game seed: 6204492977506131821

71 Decritt the Digger (level 4, 0/25 HPs)
             Began as a Gargoyle Earth Elementalist on Sept 27, 2022.
             Slain by Crazy Yiuf
             ... wielding a +4 quarterstaff of chaos
              (20 damage)
             ... on level 2 of the Dungeon.
             The game lasted 00:03:21 (1606 turns).

Decritt the Digger (Gargoyle Earth Elementalist)    Turns: 1606, Time: 00:03:21

Health: 0/25       AC:  8    Str: 12    XL:     4   Next: 24%
Magic:  4/7        EV: 12    Int: 17    God:
Gold:   19         SH:  0    Dex: 10    Spells: 6/7 levels left

rFire   . . .      SeeInvis .    j - +3 short sword
rCold   . . .      Faith    .    (no shield)
rNeg    + . .      Spirit   .    a - +0 robe
rPois   ∞          Reflect  .    (no helmet)
rElec   +          Harm     .    (no cloak)
rCorr   .          Rampage  .    i - +2 pair of gloves
Will    .....                    (no boots)
Stlth   ++........               (no amulet)
HPRegen 0.08/turn                (no ring)
MPRegen 0.10/turn                (no ring)

@: no status effects
A: sickness immunity, AC +3, negative energy resistance 1, electricity
resistance, torment resistance 1, petrification resistance
a: no special abilities


You were on level 2 of the Dungeon.
You visited 1 branch of the dungeon, and saw 2 of its levels.

You collected 19 gold pieces.

Inventory:

Hand Weapons
 c - a +0 club
 j - a +3 short sword (weapon)
Armour
 a - a +0 robe (worn)
 d - a +0 leather armour
 i - a +2 pair of gloves (worn)
Wands
 k - a wand of roots (4)
Scrolls
 e - a scroll of teleportation {unknown}
 h - a scroll of enchant weapon {unknown}
Potions
 b - a potion of magic
 f - 2 potions of flight {unknown}
 g - a potion of berserk rage {unknown}


   Skills:
 + Level 1.3 Fighting
 + Level 1.5 Armour
 + Level 2.0 Dodging
 - Level 2.1 Stealth
 + Level 2.4 Spellcasting
 + Level 1.2 Conjurations
 - Level 0.7 Transmutations
 + Level 4.0 Earth Magic


You had 6 spell levels left.
You knew the following spells:

 Your Spells              Type           Power      Damage    Failure   Level
a - Sandblast             Erth           30%        2d9       3%          1

Your spell library contained the following spells:

 Spells                   Type           Power      Damage    Failure   Level
 Passwall                 Tmut/Erth      8%         N/A       11%         2
 Stone Arrow              Conj/Erth      22%        3d8       19%         3
 Ozocubu's Armour         Ice            2%         N/A       50%         3
 Petrify                  Tmut/Erth      10%        N/A       56%         4
 Metabolic Englaciation   Hex/Ice        1%         N/A       99%         5
 Simulacrum               Ice/Necr       1%         N/A       100%        6
 Ozocubu's Refrigeration  Ice            1%         4d7       100%        7


Dungeon Overview and Level Annotations

Branches:
Dungeon (2/15)

Altars:

Annotations:
D:2 Crazy Yiuf


Innate Abilities, Weirdness & Mutations

You are immune to sickness and miasma.
Your stone body is resilient. (AC +3)
You are immune to poison.
You resist negative energy. (rN+)
You are resistant to electric shocks. (rElec)
You are resistant to unholy torment.
You are immune to petrification.


Message History

You kill the adder!
No target in view!
Found a stone staircase leading up.
No target in view!
Found a stone staircase leading up.
There is a stone staircase leading up here.
Found a hammer.
Found four hammers.
Found a runed translucent door.
You see here a +0 hammer.
Found a hammer.
You see here a +0 hammer.
You open the door.
Casting: Sandblast (safe; 3% risk of failure)
Confirm with . or Enter, or press ? or * to list all spells.
Aiming: Sandblast (safe; 3% risk of failure)
Press: ? - help, Shift-Dir - straight line, f - Crazy Yiuf
Aim: Crazy Yiuf, wielding a +4 quarterstaff of chaos and wearing a +0 cloak (asleep, 100% to hit)
The blast of sand hits Crazy Yiuf.
Crazy Yiuf is moderately wounded.
Crazy Yiuf shouts!
Crazy Yiuf whimpers, "Announcement rumpyflump tired!"
Casting: Sandblast (safe; 3% risk of failure)
Confirm with . or Enter, or press ? or * to list all spells.
Aiming: Sandblast (safe; 3% risk of failure)
Press: ? - help, Shift-Dir - straight line, f/p - Crazy Yiuf
Aim: Crazy Yiuf, wielding a +4 quarterstaff of chaos and wearing a +0 cloak (moderately wounded, 84% to hit)
The blast of sand hits Crazy Yiuf.
Crazy Yiuf is moderately wounded.
Casting: Sandblast (safe; 3% risk of failure)
Confirm with . or Enter, or press ? or * to list all spells.
Aiming: Sandblast (safe; 3% risk of failure)
Press: ? - help, Shift-Dir - straight line, f/p - Crazy Yiuf
Aim: Crazy Yiuf, wielding a +4 quarterstaff of chaos and wearing a +0 cloak (moderately wounded, 84% to hit)
The blast of sand hits Crazy Yiuf.
Crazy Yiuf is heavily wounded.
Crazy Yiuf screams, "Adder!
Buddy wrapper illywillydillykilly."
Crazy Yiuf hits you with a +4 quarterstaff of chaos.
Space warps horribly around you!!
Ouch! That really hurt!
You die...

#####..>....# .#......##.#.##
####### ............... ..<..<#
######..##.#.## #####.# #.......#
#####.### #.......# #.......##♣♣
### ####...## #..##.#....♣♣
♣♣#)))# ##.##
#..##.......♣♣♣♣@g...# #.#
#..##.#......♣..♣#)..# #.#
#..##.##....♣)♣♣♣ ### ##'##
#..##.####♣♣♣♣♣ ##.).## #..##.###
##.....## #.......# #####
##.......#
###...###########...####.........
.......................'.........
###...###########...####.........


You could see Crazy Yiuf.

Vanquished Creatures
  Jessica (D:2)
  An adder (D:2)
  A dart slug (D:1)
  3 endoplasms (D:1)
  7 goblins (D:1)
  7 hobgoblins
  A quokka (D:1)
  2 ball pythons (D:1)
  A frilled lizard (D:1)
  4 kobolds
  3 rats (D:1)
31 creatures vanquished.

Notes
Turn   | Place    | Note
-------+----------+-------------------------------------------
     0 | D:1      | Decritt the Gargoyle Earth Elementalist began the quest for
                  | the Orb.
     0 | D:1      | Reached XP level 1. HP: 10/10 MP: 3/3
   192 | D:1      | Found a faded altar of an unknown god.
   282 | D:1      | Reached XP level 2. HP: 16/16 MP: 3/5
   540 | D:1      | Reached skill level 1 in Armour
   650 | D:1      | Reached XP level 3. HP: 20/20 MP: 2/6
   766 | D:1      | Reached skill level 1 in Fighting
   938 | D:1      | Reached skill level 1 in Conjurations
  1474 | D:2      | Noticed Jessica
  1477 | D:2      | Killed Jessica
  1478 | D:2      | Reached skill level 4 in Earth Magic
  1478 | D:2      | Reached XP level 4. HP: 25/25 MP: 4/7
  1599 | D:2      | Found a runed translucent door.
  1600 | D:2      | Noticed Crazy Yiuf
  1606 | D:2      | Slain by Crazy Yiuf

Illustrated notes

Levels and vault maps discovered:
D:1:      dpeg_arrival_leaves_temple_mockup, layout_basic,
          shapermc_ecumenical_altar_venn, st_stairs_9
D:2:      layout_loops_corners, basic_altar, moated_statue, uniq_jessica,
          uniq_crazy_yiuf_cottage

Skill      XL: |  1  2  3 |
---------------+----------+-----
Armour         | 1 |  1.5
Fighting       | 1 |  1.3
Conjurations   | 1 |  1.2
Dodging        | 2 |  2.0
Earth Magic    | 4 |  4.0
Stealth        | |  2.1
Spellcasting   | |  2.4
Transmutations | |  0.7

Action                   |  1- 3 |  4- 6 || total
-------------------------+-------+-------++-------
Melee: Club              |    12 |       ||    12
 Cast: Sandblast         |    36 |     5 ||    41
 Stab: Distracted        |     1 |       ||     1
Armor: Robe              |     5 |       ||     5
Dodge: Dodged            |    16 |       ||    16

Table legend: (Time is in decaauts)
 A = Elapsed time spent in this place.
 B = Non-inter-level travel time spent in this place.
 C = Inter-level travel time spent in this place.
 D = Time resting spent in this place.
 E = Time spent auto-exploring this place.
 F = Levels seen in this place.
 G = Mean time per level.
                   A        B        C        D        E       F      G
               +--------+--------+--------+--------+--------+-----+--------+
         Total |   1629 |   1608 |     21 |      0 |   1409 |   2 |  814.5 |
       Dungeon |   1629 |   1608 |     21 |      0 |   1409 |   2 |  814.5 |
               +--------+--------+--------+--------+--------+-----+--------+

Top non-repeatable levels by time:
     D:1: 1361 daAuts
     D:2: 268 daAuts
